 Dungeon Crawl Stone Soup version 0.15.1-1-gfacfea3 (webtiles) character file.

177 Johnny the Digger (level 5, -1/41 HPs)
             Began as a Demigod Earth Elementalist on Sept 24, 2014.
             Slain by a gnoll
             ... wielding a +0 whip
              (10 damage)
             ... on Level 3 of the Dungeon.
             The game lasted 00:10:52 (4134 turns).

Johnny the Digger (Demigod Earth Elementalist)      Turns: 4134, Time: 00:10:52

HP  -1/41        AC  5     Str 11      XL: 5   Next:  9%
MP   2/12        EV  9     Int 21      God:
Gold 159         SH  0     Dex 17      Spells:  2 memorised,  4 levels left

rFire  . . .     SeeInvis +     e - +0 mace
rCold  . . .     Clarity  .     n - +0 ring mail
rNeg   . . .     rCorr    .     (no shield)
rPois  .         rRot     .     (no helmet)
rElec  .         Spirit   .     (no cloak)
SustAb .         Warding  .     (no gloves)
rMut   .         Stasis   .     (no boots)
Gourm  .                        (no amulet)
MR     .....                    (no ring)
                                p - ring of see invisible

@: not resistant to hostile enchantments, unstealthy
A: no striking features
a: no special abilities


You were on level 3 of the Dungeon.
You were not hungry.

You visited 1 branch of the dungeon, and saw 3 of its levels.

You collected 159 gold pieces.

Inventory:

Hand weapons
 e - a +0 mace (weapon)
Missiles
 b - 101 stones (quivered)
Armour
 n - a +0 ring mail (worn)
Magical devices
 r - a wand of frost (0)
Comestibles
 a - 2 bread rations
 i - a slice of pizza
 l - a beef jerky
 m - a meat ration
 u - 2 rotting chunks of hobgoblin flesh
Scrolls
 c - 3 scrolls of enchant armour {unknown}
 f - 4 scrolls of teleportation
 g - a scroll of magic mapping {unknown}
 h - 2 scrolls of remove curse {unknown}
 k - 3 scrolls of identify {unknown}
 q - a scroll of random uselessness {unknown}
 s - a scroll of fog {unknown}
Jewellery
 p - a ring of see invisible (left hand)
Potions
 j - a potion of brilliance {unknown}
 o - a potion of decay {unknown}
 t - a potion of poison {unknown}
Books
 d - a book of Geomancy

   Spells                             Type                      Level
   *Sandblast                         Earth                        1
   Stoneskin                          Transmutation/Earth          2
   Passwall                           Transmutation/Earth          3
   *Stone Arrow                       Conjuration/Earth            3
   Petrify                            Transmutation/Earth          4
   Lee's Rapid Deconstruction         Earth                        5


   Skills:
 * Level 2.1 Fighting
 + Level 0.6 Armour
 * Level 2.5 Dodging
 + Level 2.5 Stealth
 * Level 2.4 Spellcasting
   Level 0.8 Transmutations
 * Level 3.6 Earth Magic


You had 4 spell levels left.
You knew the following spells:

 Your Spells              Type           Power        Failure   Level  Hunger
a - Stone Arrow           Conj/Erth      ##....       38%         3    ###....
f - Sandblast             Erth           ###...       6%          1    None


Dungeon Overview and Level Annotations

Branches:
Dungeon (3/15)


Message History

Your magical contamination has completely faded away.
You hit the gnoll.
The gnoll is severely wounded.
The gnoll completely misses you. The gnoll hits you with a whip.
You closely miss the gnoll.
The gnoll is severely wounded.
The gnoll hits you with a whip.
* * * LOW HITPOINT WARNING * * *
You barely miss the gnoll.
The gnoll is severely wounded.
The gnoll hits you but does no damage.
You hit the gnoll.
The gnoll is severely wounded.
The gnoll hits you with a whip.
* * * LOW HITPOINT WARNING * * *
The gnoll hits you but does no damage.
You hit the gnoll but do no damage.
The gnoll is severely wounded.
The gnoll hits you with a whip!
You die...

##+## .# ##...## ..
##.....## ##.
##.......##
##.#!..####.........#
.......)g@'....(....+
##.#...####(........#
##. ##.......# #
##.....## ##.).##
##'## #.# #.# ##.##


You could see a gnoll.

Vanquished Creatures
  Terence (D:2)
  7 adders
  2 gnolls (D:3)
  2 worms (D:2)
  A giant gecko (D:2)
  An ooze (D:1)
  An orc (D:3)
  2 ball pythons
  8 bats
  5 giant cockroaches
  9 hobgoblins
  7 kobolds
  A quokka (D:3)
  4 giant newts
  10 goblins
  4 jackals (D:2)
  5 rats
70 creatures vanquished.

Notes
Turn   | Place    | Note
--------------------------------------------------------------
     0 | D:1      | Johnny, the Demigod Earth Elementalist, began the quest for the Orb.
     0 | D:1      | Reached XP level 1. HP: 14/14 MP: 3/3
   779 | D:1      | Reached XP level 2. HP: 10/22 MP: 0/5
  1294 | D:1      | Reached skill level 3 in Earth Magic
  1735 | D:2      | Reached skill level 1 in Fighting
  1735 | D:2      | Reached XP level 3. HP: 25/28 MP: 3/8
  1740 | D:2      | Learned a level 3 spell: Stone Arrow
  1743 | D:2      | Found a white marble altar of Elyvilon.
  1743 | D:2      | Found a sparkling altar of Nemelex Xobeh.
  2016 | D:2      | Found a glowing golden altar of the Shining One.
  2332 | D:2      | Reached XP level 4. HP: 35/35 MP: 7/10
  2373 | D:2      | Noticed Terence
  2646 | D:2      | Killed Terence
  4117 | D:3      | Reached XP level 5. HP: 31/41 MP: 3/12
  4134 | D:3      | Slain by a gnoll

Action                   |  1- 3 |  4- 6 || total
-------------------------+-------+-------++-------
Melee: Unarmed           |    35 |       ||    35
       Mace              |    41 |    65 ||   106
Throw: Stone             |     2 |       ||     2
 Cast: Sandblast         |    51 |    40 ||    91
       Stone Arrow       |     5 |    11 ||    16
Evoke: Wand              |       |     4 ||     4
  Use: Potion            |       |     2 ||     2
       Scroll            |       |     1 ||     1
 Stab: Sleeping          |     1 |       ||     1
  Eat: Chunk             |     6 |     8 ||    14
